 Dungeon Crawl Stone Soup version 0.26.1-11-gd32895ea62 (webtiles) character file.

Game seed: 6506473468409629809

2925 Elvor the Magician (level 9, -13/71 HPs)
             Began as a Gnoll Warper on July 12, 2021.
             Was a Follower of Okawaru.
             Killed by the air
             ... invoked by Gastronok
              (34 damage)
             ... on level 8 of the Dungeon.
             The game lasted 01:23:49 (9962 turns).

Elvor the Magician (Gnoll Warper)                   Turns: 9962, Time: 01:23:50

Health: -13/71     AC:  5    Str: 16    XL:     9   Next: 79%
Magic:  17/19      EV: 13    Int: 16    God:    Okawaru [*.....]
Gold:   537        SH:  9    Dex: 11    Spells: 15/21 levels left

rFire    + . .     SeeInvis .   b - +2 morningstar (protect)
rCold    . . .     Faith    .   v - +0 kite shield
rNeg     . . .     Spirit   .   x - +2 robe {rF+}
rPois    +         Reflect  .   (no helmet)
rElec    .         Harm     .   (no cloak)
rCorr    .         Rampage  .   (no gloves)
Will     .....                  y - +0 pair of boots
Stlth    +++.......             (no amulet)
HPRegen  0.21/turn              D - ring of poison resistance
MPRegen  0.16/turn              p - -4 ring of dexterity (curse)

@: slowed, very slow
A: distributed training, fangs 1, strong nose
a: Renounce Religion, Heroism


You were on level 8 of the Dungeon.
You worshipped Okawaru.
Okawaru was aware of your devotion.
You visited 2 branches of the dungeon, and saw 9 of its levels.

You collected 567 gold pieces.
You spent 30 gold pieces at shops.

Inventory:

Hand Weapons
 b - a +2 morningstar of protection (weapon)
 o - a +0 hunting sling
Missiles
 c - 133 stones
 e - 5 boomerangs of dispersal
 g - 10 poisoned darts (quivered)
 i - 53 sling bullets
 r - 8 boomerangs
Armour
 v - a +0 kite shield (worn)
 x - a +2 robe of fire resistance (worn)
 y - a +0 pair of boots (worn)
Magical Staves
 B - an uncursed staff of fire {unknown}
Jewellery
 a - an uncursed ring of fire
 m - an uncursed ring of fire
 p - a cursed -4 ring of dexterity (right hand)
 C - an uncursed ring of positive energy
 D - a ring of poison resistance (left hand)
 G - an uncursed ring of protection from fire
Wands
 d - a wand of disintegration (12)
 u - a wand of iceblast (6)
 A - a wand of polymorph (8)
 E - a wand of enslavement (9)
Scrolls
 f - 10 scrolls of teleportation
 h - 2 scrolls of noise
 j - 2 scrolls of immolation
 k - 3 scrolls of fog
 n - 3 scrolls of enchant armour
 q - a scroll of holy word
 s - a scroll of enchant weapon
Potions
 l - 3 potions of haste
 t - 2 potions of flight
 w - a potion of resistance {unknown}
 z - 2 potions of brilliance
 F - a potion of invisibility {unknown}


   Skills:
 + Level 6.5 Fighting
 + Level 4.5 Short Blades
 + Level 4.5 Long Blades
 + Level 4.5 Axes
 + Level 6.5 Maces & Flails
 + Level 4.5 Polearms
 + Level 4.5 Staves
 + Level 4.5 Slings
 + Level 4.5 Bows
 + Level 4.5 Crossbows
 + Level 5.3 Throwing
 + Level 5.3 Armour
 + Level 6.5 Dodging
 + Level 4.5 Stealth
 + Level 4.5 Shields
 + Level 4.5 Unarmed Combat
 + Level 6.8 Spellcasting
 + Level 3.8 Conjurations
 + Level 3.8 Hexes
 + Level 3.8 Summonings
 + Level 3.8 Necromancy
 + Level 6.7 Translocations
 + Level 3.8 Transmutations
 + Level 3.8 Fire Magic
 + Level 3.8 Ice Magic
 + Level 3.8 Air Magic
 + Level 3.8 Earth Magic
 + Level 3.8 Poison Magic
 + Level 5.0 Invocations
 + Level 4.5 Evocations


You had 15 spell levels left.
You knew the following spells:

 Your Spells              Type           Power        Failure   Level
a - Blink                 Tloc           N/A          4%          2
b - Passage of Golubria   Tloc           N/A          30%         4

Your spell library contained the following spells:

 Spells                   Type           Power        Failure   Level
 Gell's Gravitas          Tloc           13%          9%          3
 Lesser Beckoning         Tloc           13%          9%          3
 Teleport Other           Tloc           27%          9%          3
 Beastly Appendage        Tmut           34%          10%         1
 Magic Dart               Conj           68%          10%         1
 Searing Ray              Conj           34%          16%         2
 Wereblood                Tmut           17%          16%         2
 Dazzling Flash           Conj/Hex       34%          30%         3
 Spider Form              Tmut/Pois      8%           30%         3
 Iskenderun's Mystic Bla  Conj/Tloc      22%          50%         4
 Fulminant Prism          Conj/Hex       8%           69%         4
 Ice Form                 Ice/Tmut       17%          69%         4
 Blade Hands              Tmut           8%           95%         5


Dungeon Overview and Level Annotations

Branches:
Dungeon (8/15)             Temple (1/1) D:7
   Lair: D:8-11

Altars:
Ashenzari
Cheibriados
Dithmenos
Elyvilon
Gozag
Hepliaklqana
Kikubaaqudgha
Makhleb
Nemelex Xobeh
Okawaru
Qazlal
Ru
Sif Muna
Trog
Uskayaw
Vehumet
Wu Jian
Xom
Yredelemnul
Zin
The Shining One

Shops:
D:5 *

Annotations:
D:6 3 runed translucent doors, RawMediocrity's ghost, novice MfIE
D:8 Gastronok


Innate Abilities, Weirdness & Mutations

Your experience applies equally to all skills.
You have very sharp teeth.
Your uncanny sense of smell can sniff out nearby items.


Message History

You feel yourself slow down.
You impale Gastronok!!
Gastronok is almost dead.
The bat barely misses you. The bat misses you. You block the bat's attack.
Gastronok bites you!!!
Ouch! That really hurt!
You completely miss Gastronok.
Gastronok is almost dead.
The bat hits you but does no damage. The bat misses you.
You block the bat's attack. The bat closely misses you.
The bat barely misses you. You block the bat's attack. Gastronok bites you.
* * * LOW HITPOINT WARNING * * *
Casting: Blink (safe; 4% risk of failure)
Confirm with . or Enter, or press ? or * to list all spells.
You blink.
You block the bat's attack. You block the bat's attack.
The bat hits you but does no damage. The bat hits you but does no damage.
The bat closely misses you.
Gastronok waves his eye-stalks in wide circles.
The air twists around and strikes you!!
You die...

#.........#........##5.#
#..................# #+#
#..[........#+###..#
############....#..#
#....# .# #....#
##########.)..#
#......b.†w..##
#....@.b)(...#
#......(.....#
#....((......#
#....(....(..# ∆
#............#
#....###+###### #....
#....


You could see Gastronok (swift, very poisoned) and 2 bats.

Vanquished Creatures
  An ice beast (D:8)
  2 orc warriors (D:7)
  A sky beast (D:8)
  2 black bears
  A phantom (D:6)
  2 centaurs
  3 ogres
  4 bullfrogs
  A gnoll sergeant (D:7)
  8 killer bees
  3 jellies (D:2)
  2 hounds
  4 orc priests
  A bullfrog skeleton (D:7)
  5 iguanas
  3 worker ants
  12 orc wizards
  A worker ant zombie (D:7)
  12 gnolls
  5 adders
  3 shadow imps
  3 white imps
  2 ufetubi
  9 oozes
  An adder skeleton (D:7)
  An adder zombie (D:7)
  A dart slug (D:1)
  5 leopard geckos
  29 orcs
  3 giant cockroaches
  8 goblins
  5 hobgoblins
  2 jackals (D:1)
  A ball python (D:5)
  5 bats
  6 frilled lizards
  A goblin skeleton (D:5)
  2 goblin zombies (D:5)
  A hobgoblin zombie (D:5)
  11 kobolds
  2 kobold zombies (D:5)
  An orc skeleton (D:5)
  3 orc zombies (D:5)
  7 rats
  A spectral orc (D:7)
186 creatures vanquished.

Vanquished Creatures (collateral kills)
  A gnoll sergeant (D:8)
1 creature vanquished.

Vanquished Creatures (others)
  A gnoll (D:8)
  12 fungi (D:2)
  8 toadstools (D:2)
21 creatures vanquished.

Grand Total: 208 creatures vanquished

Notes
Turn   | Place    | Note
-------+----------+-------------------------------------------
     0 | D:1      | Elvor the Gnoll Warper began the quest for the Orb.
     0 | D:1      | Reached XP level 1. HP: 20/20 MP: 6/6
   132 | D:1      | Reached XP level 2. HP: 26/26 MP: 7/7
   135 | D:1      | Learned a level 2 spell: Blink
   270 | D:1      | Found a broken altar of Ashenzari.
   621 | D:1      | Reached XP level 3. HP: 28/31 MP: 9/9
   660 | D:1      | Reached skill level 5 in Spellcasting
  1153 | D:2      | Reached skill level 1 in Invocations
  1189 | D:2      | Reached skill level 1 in Short Blades
  1189 | D:2      | Reached skill level 1 in Long Blades
  1189 | D:2      | Reached skill level 1 in Axes
  1189 | D:2      | Reached skill level 1 in Polearms
  1189 | D:2      | Reached skill level 1 in Staves
  1189 | D:2      | Reached skill level 1 in Slings
  1189 | D:2      | Reached skill level 1 in Bows
  1189 | D:2      | Reached skill level 1 in Crossbows
  1189 | D:2      | Reached skill level 1 in Stealth
  1189 | D:2      | Reached skill level 1 in Shields
  1189 | D:2      | Reached skill level 1 in Unarmed Combat
  1189 | D:2      | Reached skill level 1 in Evocations
  1278 | D:2      | Reached XP level 4. HP: 22/38 MP: 11/11
  1378 | D:2      | Found an opulent altar of Gozag.
  1500 | D:2      | Reached skill level 1 in Conjurations
  1500 | D:2      | Reached skill level 1 in Hexes
  1500 | D:2      | Reached skill level 1 in Summonings
  1500 | D:2      | Reached skill level 1 in Necromancy
  1500 | D:2      | Reached skill level 1 in Transmutations
  1500 | D:2      | Reached skill level 1 in Fire Magic
  1500 | D:2      | Reached skill level 1 in Ice Magic
  1500 | D:2      | Reached skill level 1 in Air Magic
  1500 | D:2      | Reached skill level 1 in Earth Magic
  1500 | D:2      | Reached skill level 1 in Poison Magic
  1547 | D:2      | Reached XP level 5. HP: 29/43 MP: 12/12
  2234 | D:3      | Noticed a black bear
  2271 | D:3      | Killed a black bear
  2272 | D:3      | Reached XP level 6. HP: 30/50 MP: 7/14
  2609 | D:3      | Reached skill level 5 in Fighting
  2609 | D:3      | Reached skill level 5 in Maces & Flails
  2609 | D:3      | Reached skill level 5 in Dodging
  3661 | D:4      | Reached XP level 7. HP: 56/56 MP: 15/15
  4498 | D:5      | Entered Level 5 of the Dungeon
  4530 | D:5      | Found a glowing golden altar of the Shining One.
  4852 | D:5      | Found a snail-covered altar of Cheibriados.
  4950 | D:5      | Found Kaoli's General Store.
  4959 | D:5      | Bought a scroll of identify for 30 gold pieces
  4993 | D:5      | Found a burning altar of Makhleb.
  4993 | D:5      | Noticed a balrug
  4997 | D:5      | Found a glowing silver altar of Zin.
  4998 | D:5      | Noticed an angel
  5296 | D:5      | Found a sparkling altar of Nemelex Xobeh.
  5569 | D:6      | Found a runed translucent gate.
  5570 | D:6      | Found a runed translucent gate.
  5571 | D:6      | Found a runed translucent gate.
  5599 | D:6      | Reached XP level 8. HP: 61/63 MP: 16/16
  5616 | D:6      | Noticed RawMediocrity's ghost (novice MfIE)
  6969 | D:6      | HP: 3/64 [killer bee (9)]
  7317 | D:7      | Found an iron altar of Okawaru.
  7768 | D:7      | Became a worshipper of Warmaster Okawaru
  7772 | D:7      | Found a staircase to the Ecumenical Temple.
  8346 | D:7      | Reached XP level 9. HP: 69/69 MP: 18/18
  8404 | D:7      | Learned a level 4 spell: Passage of Golubria
  8517 | Temple   | Entered the Ecumenical Temple
  8625 | D:7      | Found a basalt altar of Yredelemnul.
  8765 | D:7      | Found an ancient bone altar of Kikubaaqudgha.
  8922 | D:7      | Reached * piety under Okawaru
  8929 | D:7      | Reached skill level 5 in Throwing
  8929 | D:7      | Reached skill level 5 in Armour
  9266 | D:8      | Found a white marble altar of Elyvilon.
  9802 | D:8      | Found a hide-covered altar of Uskayaw.
  9803 | D:8      | Noticed a +0 hand axe
  9804 | D:8      | Noticed a +0 dagger
  9834 | D:8      | Reached skill level 5 in Invocations
  9936 | D:8      | Noticed Gastronok
  9962 | D:8      | Killed from afar by Gastronok

Illustrated notes

Levels and vault maps discovered:
D:1:      eino_arrival_cavern_a, layout_basic, minmay_hexomino_r4
D:2:      cheibrodos_fertilizer, layout_basic, lemuel_doored_altar,
          kennysheep_generic_room_10
D:3:      layout_loops_corners
D:4:      layout_gridville, grunt_ministairs_5
D:5:      layout_basic, grunt_temple_overflow_order_and_chaos_2,
          nicolae_tso_besieged_by_evil, kennysheep_mini, kennysheep_mini_moat,
          serial_shops, nicolae_shop_crystal, minmay_stone_trees_small
D:6:      layout_layer_cave, gammafunk_ghost_icy, hangedman_decor_riveting
D:7:      layout_layer_cave, old_standard_altar,
          yredelemnul_forgotten_temple_becter, minmay_temple_entry_offerings,
          minmay_misc_feat_chi, okawaru_metal_pillars_1_2
D:8:      layout_gridville, dancing_weapons_uskayaw, kennysheep_little_box,
          minmay_misc_feat_cross, uniq_grum, uniq_gastronok, uniq_maurice
Temple:   eino_wide_crystal_templ

Skill      XL: |  1  2  3  4  5  6  7  8  9 |
---------------+----------------------------+-----
Spellcasting   | 5 6 |  6.8
Invocations    | 1 2 3 4 5 |  5.0
Short Blades   | 1 2 3 4 |  4.5
Long Blades    | 1 2 3 4 |  4.5
Axes           | 1 2 3 4 |  4.5
Polearms       | 1 2 3 4 |  4.5
Staves         | 1 2 3 4 |  4.5
Slings         | 1 2 3 4 |  4.5
Bows           | 1 2 3 4 |  4.5
Crossbows      | 1 2 3 4 |  4.5
Stealth        | 1 2 3 4 |  4.5
Shields        | 1 2 3 4 |  4.5
Unarmed Combat | 1 2 3 4 |  4.5
Evocations     | 1 2 3 4 |  4.5
Conjurations   | 1 2 3 |  3.8
Hexes          | 1 2 3 |  3.8
Summonings     | 1 2 3 |  3.8
Necromancy     | 1 2 3 |  3.8
Transmutations | 1 2 3 |  3.8
Fire Magic     | 1 2 3 |  3.8
Ice Magic      | 1 2 3 |  3.8
Air Magic      | 1 2 3 |  3.8
Earth Magic    | 1 2 3 |  3.8
Poison Magic   | 1 2 3 |  3.8
Throwing       | 3 4 5 |  5.3
Armour         | 3 4 5 |  5.3
Fighting       | 5 6 |  6.5
Maces & Flails | 5 6 |  6.5
Dodging        | 5 6 |  6.5
Translocations | 6 |  6.7

Action                   |  1- 3 |  4- 6 |  7- 9 || total
-------------------------+-------+-------+-------++-------
Melee: Mace              |   133 |   136 |    78 ||   347
       Bite              |    10 |     7 |    22 ||    39
       Punch             |       |     1 |     1 ||     2
       Morningstar       |       |       |   207 ||   207
Throw: Stone             |    18 |    38 |    65 ||   121
       Dart              |     3 |    46 |   104 ||   153
       Boomerang         |       |       |    22 ||    22
 Cast: Blink             |       |    19 |    17 ||    36
Evoke: Wand              |       |       |    21 ||    21
  Use: Scroll            |       |     6 |     7 ||    13
       Potion            |       |       |     1 ||     1
 Stab: Sleeping          |       |     1 |     3 ||     4
Armor: Leather armour    |    27 |    22 |    14 ||    63
       Robe              |       |       |    75 ||    75
Dodge: Dodged            |    99 |    92 |   233 ||   424
Block: Kite shield       |       |       |    62 ||    62
